AoeStats
← 小奶狗

Arena

509396522Analyzed
4v4 RM · 7d ago on Sep 26, 2026· 56m 40s· 8 players
Game mode
Random Map
Map size
Large (8 player)
Population
200
Speed
Normal
Resources
Standard
Victory
Conquest
Starting age
Dark Age
Ending age
Imperial Age
RankedLock teamsTeams togetherTeam positionsShared explorationLock speedFull tech treeHidden civsTurbo modeCheats
Victory
Defeat
🇸🇰 Bohemians · Slovakia
1133
+13
🇺🇸 Mongols · United States
1102
+14
1098
+14
🇲🇽 Hindustanis · Mexico
1096
+14
🇹🇼 Armenians · Taiwan
1081
-15
🇦🇷 Franks · Argentina
1075
-14
🇹🇼 Khitans · Taiwan
1035
-13
🇹🇼 Persians · Taiwan
1033
-13
Rey de Copas
11:05 Feudal Age
14:50 Castle Age
14:18 Double-Bit Axe
14:15 Horse Collar
29:16 Imperial Age
27:00 Forging
27:31 Scale Barding Armor
27:40 Bloodlines
29:01 Iron Casting
28:49 Chain Barding Armor
29:23 Heavy Camel Rider
31:07 Blast Furnace
30:18 Husbandry
31:24 Plate Barding Armor
35:06 Imperial Camel Rider
42:35 Conscription
Agent Orange
10:31 Feudal Age
14:36 Castle Age
13:11 Double-Bit Axe
13:30 Horse Collar
16:04 Bow Saw
19:12 Wheelbarrow
19:51 Town Watch
20:42 Loom
24:55 Gold Mining
27:09 Scale Barding Armor
28:18 Chain Barding Armor
28:28 Forging
30:02 Bloodlines
34:21 Imperial Age
32:36 Hand Cart
34:32 Gold Shaft Mining
34:10 Heavy Plow
34:06 Pikeman
34:50 Squires
34:54 Scale Mail Armor
35:29 Iron Casting
37:19 Chain Mail Armor
39:48 Elite Skirmisher
44:38 Fletching
46:37 Bodkin Arrow
48:25 Padded Archer Armor
49:20 Bracer
49:39 Leather Archer Armor
50:43 Plate Mail Armor
51:13 Blast Furnace
53:56 Thumb Ring
54:54 Conscription
56:54 Ballistics
57:34 Chemistry
56:46 Masonry
msmatossms
10:24 Feudal Age
11:22 Double-Bit Axe
11:26 Loom
17:00 Castle Age
17:59 Wheelbarrow
19:40 Chemistry
20:38 Fervor
25:50 Padded Archer Armor
28:49 Wagenburg Tactics
30:57 Hand Cart
35:04 Leather Archer Armor
35:15 Pikeman
36:19 Town Watch
37:34 Squires
40:16 Elite Skirmisher
41:07 Arson
42:03 Fletching
49:33 Imperial Age
48:31 Murder Holes
48:56 Ballistics
50:37 Conscription
53:04 Forging
54:40 Iron Casting
54:05 Scale Mail Armor
55:51 Hussite Reforms
投降输一半 行不行?
10:55 Feudal Age
12:08 Loom
12:18 Double-Bit Axe
14:58 Castle Age
13:34 Horse Collar
14:13 Stone Mining
15:50 Gold Mining
32:36 Fletching
32:53 Crossbowman
33:50 Bodkin Arrow
38:01 Padded Archer Armor
39:20 Gold Shaft Mining
39:21 Stone Shaft Mining
39:27 Wheelbarrow
38:37 Town Watch
44:00 Imperial Age
42:16 Leather Archer Armor
42:24 Bow Saw
42:17 Heavy Plow
43:41 Hand Cart
44:12 Ballistics
45:56 Two-Man Saw
45:34 Ring Archer Armor
46:06 Chemistry
45:08 Bracer
44:32 Arbalester
45:17 Thumb Ring
45:40 Conscription
46:22 Scale Mail Armor
46:34 Forging
46:34 Royal Heirs
49:32 Chain Mail Armor
49:55 Iron Casting
48:42 Halberdier
49:23 Squires
50:47 Plate Mail Armor
虎戰
3:04 Loom
11:04 Feudal Age
18:38 Castle Age
17:36 Double-Bit Axe
18:06 Man-at-Arms
18:35 Horse Collar
19:02 Long Swordsman
20:00 Bow Saw
31:05 Gold Mining
31:17 Heavy Plow
30:50 Two-Handed Swordsman
32:52 Gambesons
34:06 Scale Mail Armor
34:20 Forging
35:08 Pikeman
36:27 Halberdier
38:18 Chain Mail Armor
44:29 Fortified Wall
48:14 Masonry
50:48 Fletching
50:59 Padded Archer Armor
50:43 Elite Skirmisher
51:50 Bodkin Arrow
52:41 Ballistics
Just Hhiji
11:15 Feudal Age
15:04 Castle Age
13:39 Stone Mining
14:09 Double-Bit Axe
16:27 Bow Saw
17:13 Loom
18:13 Fletching
20:25 Wheelbarrow
19:56 Town Watch
22:22 Bodkin Arrow
25:11 Forging
25:19 Hand Cart
25:46 Husbandry
25:08 Light Cavalry
33:15 Scale Barding Armor
37:03 Gold Mining
38:37 Gold Shaft Mining
43:46 Imperial Age
42:47 Chain Barding Armor
43:35 Iron Casting
44:19 Cavalier
46:02 Town Patrol
47:57 Conscription
49:41 Plate Barding Armor
51:57 Blast Furnace
51:12 Paladin
莖鋼狼
0:28 Loom
11:56 Feudal Age
15:45 Castle Age
14:00 Double-Bit Axe
29:00 Imperial Age
27:32 Wheelbarrow
28:21 Kamandaran
29:53 Conscription
29:48 Pikeman
30:47 Elite War Elephant
32:42 Bow Saw
32:58 Squires
33:36 Conscription
33:17 Crossbowman
34:03 Thumb Ring
35:18 Gold Mining
35:23 Horse Collar
35:36 Fletching
35:47 Padded Archer Armor
38:22 Chemistry
38:46 Gold Shaft Mining
38:02 Stone Mining
39:42 Citadels
41:00 Ballistics
40:39 Bodkin Arrow
41:00 Leather Archer Armor
40:51 Scale Barding Armor
42:10 Scale Mail Armor
43:02 Stone Shaft Mining
45:44 Ring Archer Armor
45:35 Chain Barding Armor
47:39 Two-Man Saw
49:45 Plate Barding Armor
52:00 Thumb Ring
小奶狗
0:26 Loom
11:51 Feudal Age
15:41 Castle Age
13:56 Double-Bit Axe
14:57 Stone Mining
22:19 Forging
22:10 Scale Mail Armor
26:17 Gold Mining
29:51 Imperial Age
29:00 Wheelbarrow
29:03 Iron Casting
28:44 Chain Mail Armor
29:09 Bow Saw
28:44 Domestication
29:52 Fletching
30:03 Padded Archer Armor
31:31 Conscription
31:25 Scale Barding Armor
32:27 Husbandry
33:02 Lamellar Armor
32:48 Elite Steppe Lancer
35:20 Bodkin Arrow
34:50 Pikeman
35:15 Gambesons
35:31 Squires
35:16 Arson
38:12 Bracer
38:28 Leather Archer Armor
39:04 Elite Skirmisher
40:46 Thumb Ring
41:17 Ring Archer Armor
41:18 Plate Mail Armor
44:30 Elite Liao Dao
45:20 Town Watch
48:18 Ballistics
Connection lost

Rejoining the realm…

Still unreachable

The connection could not be restored.

Session expired

The server has moved on; the page needs a fresh start.